 Dungeon Crawl Stone Soup version 0.29.1-4-g47bece8355 (webtiles) character file.

Game seed: 4063670827538549085

32 GeoRichter the Shooter (level 3, -6/22 HPs)
             Began as a Kobold Hunter on Dec 10, 2022.
             Killed by an exploding goblin (28 damage)
             ... ignited by their inner flame
             ... on level 2 of the Dungeon.
             The game lasted 00:01:39 (1020 turns).

GeoRichter the Shooter (Kobold Hunter)              Turns: 1020, Time: 00:01:40

Health: -6/22      AC:  3    Str:  8    XL:     3   Next: 45%
Magic:  3/3        EV: 15    Int: 10    God:
Gold:   59         SH:  0    Dex: 20    Spells: 2/2 levels left

rFire   . . .      SeeInvis .   a - +0 shortbow
rCold   . . .      Faith    .   (shield currently unavailable)
rNeg    . . .      Spirit   .   c - +0 leather armour
rPois   .          Reflect  .   (no helmet)
rElec   .          Harm     .   (no cloak)
rCorr   .          Rampage  .   (no gloves)
Will    .....                   (no boots)
Stlth   +++.......              (no amulet)
HPRegen 0.07/turn               (no ring)
MPRegen 0.08/turn               (no ring)

@: no status effects
A: small, no large weapons, nightstalker 3
a: no special abilities


You were on level 2 of the Dungeon.
You visited 1 branch of the dungeon, and saw 2 of its levels.

You collected 59 gold pieces.

Inventory:

Hand Weapons
 a - a +0 shortbow (weapon)
 b - a +1 dagger of speed
   (You found it on level 1 of the Dungeon)
Armour
 c - a +0 leather armour (worn)
Scrolls
 f - 2 scrolls of identify {unknown}
 g - a scroll of immolation {!r}
Potions
 d - a potion of brilliance {unknown}
 e - a potion of haste {unknown}
 h - 2 potions of attraction {unknown}
 i - a potion of invisibility {unknown}
 j - a potion of degeneration {unknown}


   Skills:
 + Level 2.6 Fighting
 * Level 5.9 Ranged Weapons
 + Level 2.9 Dodging
 + Level 2.4 Stealth


You had 2 spell levels left.
You didn't know any spells.
Your spell library was empty.

Dungeon Overview and Level Annotations

Branches:
Dungeon (2/15) Zot: 10964

Altars:

Annotations:
D:2 Robin


Innate Abilities, Weirdness & Mutations

You are small and have problems with some larger weapons.
You are completely attuned to the shadows.


Message History

A hobgoblin comes into view.
You hear a shout!
You shoot an arrow. The arrow hits the goblin.
You hear a shout!
The goblin unwields a +0 dagger.
The goblin wields a +0 sling.
The goblin shoots a sling bullet.
The sling bullet barely misses you.
You hear a shout!
You shoot an arrow. The arrow hits the goblin!
You kill the goblin!
You shoot an arrow. The arrow hits the hobgoblin.
You shoot an arrow. The arrow barely misses the hobgoblin.
The hobgoblin barely misses you.
A goblin comes into view. It is wielding a +0 dagger.
You shoot an arrow. The arrow hits the hobgoblin.
You kill the hobgoblin!
Robin of the Strong Arm comes into view.
They are wielding a +0 trident.
Really read
g - 2 scrolls of immolation {!r}?
Really read the scroll of immolation?
As you read the scroll of immolation {!r}, it crumbles to dust.
The creatures around you are filled with an inner flame!
Fire: a) +0 shortbow
Aim: a goblin, wielding a +0 dagger (inner flame, 59% to hit)
You shoot an arrow. The arrow closely misses the goblin.
Robin laughs in a distinctly smug fashion.
Robin roars a battlecry!
The goblin goes into a battle-frenzy!
Fire: a) +0 shortbow
Okay, then.
Fire: a) +0 shortbow
Okay, then.
The goblin hits you but does no damage.
Robin says, "Bow before me, strongest of all the hobgoblins!"
The goblin attacks as you move away! The goblin barely misses you.
Robin roars a battlecry!
The goblin attacks as you move away! The goblin closely misses you.
The goblin attacks as you move away! The goblin barely misses you.
The goblin no longer looks unusually strong.
The goblin attacks as you move away! The goblin misses you.
Fire: a) +0 shortbow
Aim: Robin, wielding a +0 trident, wearing a +0 animal skin and wearing a +2 helmet (inner flame, 72% to hit)
You shoot an arrow. The arrow closely misses the goblin.
The arrow hits Robin but does no damage.
The goblin misses you.
Fire: a) +0 shortbow
Aim: Robin, wielding a +0 trident, wearing a +0 animal skin and wearing a +2 helmet (inner flame, 72% to hit)
You shoot an arrow. The arrow hits the goblin!
The goblin explodes!
The fiery explosion engulfs you!!
Ouch! That really hurt!
You die...

####.########.#
.......g.......
####g########..
####### #.#
....†. #<....#
####g####.####.
#.###.#
#.g...... ) #.#
#.# #.#...... .
#.#
#.#####.#..####
..#
#...@§g.#..#
#########..#


You could see Robin (inner flame).

Vanquished Creatures
  2 dart slugs (D:1)
  6 endoplasms
  6 goblins
  3 hobgoblins
  2 kobolds (D:1)
  2 quokkas (D:2)
  A ball python (D:1)
  2 frilled lizards (D:1)
  2 rats (D:1)
26 creatures vanquished.

Notes
Turn   | Place    | Note
-------+----------+-------------------------------------------
     0 | D:1      | GeoRichter the Kobold Hunter began the quest for the Orb.
     0 | D:1      | Reached XP level 1. HP: 12/12 MP: 1/1
   244 | D:1      | Reached XP level 2. HP: 13/18 MP: 2/2
   708 | D:1      | Reached XP level 3. HP: 19/22 MP: 3/3
   997 | D:2      | Noticed Robin
  1020 | D:2      | Killed by an exploding goblin... ignited by their inner
                  | flame

Illustrated notes

Levels and vault maps discovered:
D:1:      psy_arrival_basics, layout_basic
D:2:      layout_loops_ring, uniq_terence, uniq_robin

Skill      XL: |  1  2 |
---------------+-------+-----
Stealth        | 2 |  2.4
Fighting       | |  2.6
Ranged Weapons | |  5.9
Dodging        | |  2.9

Action                   || total
-------------------------++-------
 Fire: Shortbow          ||    59
  Use: Scroll            ||     1
Armor: Leather armour    ||     4
Dodge: Dodged            ||    13
